 Dungeon Sprint DCSS version 0.20.0-15-g7f486f2 (webtiles) character file.

8493 Groucho the Severer (level 11, -18/71 HPs)
             Began as a Gargoyle Gladiator on June 25, 2017.
             Was the Champion of Cheibriados.
             Demolished by an orc knight
             ... wielding a +0 great sword
              (36 damage)
             ... in the Dungeon (Sprint IX: "|||||||||||||||||||||||||||||").
             The game lasted 00:04:43 (2315 turns).

Groucho the Severer (Gargoyle Gladiator)            Turns: 2315, Time: 00:04:43

Health: -18/71     AC: 25    Str: 33    XL:     11   Next: 31%
Magic:  1/18       EV: 13    Int: 24    God:    Cheibriados [******]
Gold:   1269       SH:  0    Dex: 32    Spells: 10/10 levels left

rFire    . . .     SeeInvis .   o - +3 broad axe (elec)
rCold    . . .     Gourm    .   (no shield)
rNeg     + . .     Faith    .   r - +1 chain mail
rPois    ∞         Spirit   .   y - +0 helmet
rElec    +         Reflect  .   q - +0 cloak
rCorr    .         Harm     .   a - +0 pair of gloves
MR       .....     NoTele   +   A - +0 pair of boots
Stlth    ..........             (no amulet)
Regen    0.3/turn               b - +3 ring of dexterity
MPRegen  0.2/turn               s - +2 ring of evasion

@: very slow
A: negative energy resistance 1, electricity resistance, unbreathing,
petrification resistance, rot immunity, AC +7
a: Bend Time, Temporal Distortion, Slouch, Step From Time, Renounce Religion


You were in the Dungeon.
You worshipped Cheibriados.
Cheibriados was exalted by your worship.
You were hungry.

You visited 1 branch You collected 1269 gold pieces.

Inventory:

Hand Weapons
 o - a +3 broad axe of electrocution (weapon)
 p - a +2 morningstar of protection
Missiles
 d - 3 throwing nets (quivered)
Armour
 a - a +0 pair of gloves (worn)
 c - a +0 helmet
 q - a +0 cloak (worn)
 r - a +1 chain mail (worn)
 y - a +0 helmet (worn)
 A - a +0 pair of boots (worn)
Jewellery
 b - a +3 ring of dexterity (left hand)
 s - a +2 ring of evasion (right hand)
Wands
 n - a wand of acid (7/15)
Scrolls
 k - 3 scrolls of blinking
 l - 3 scrolls of remove curse
 m - 3 scrolls of amnesia
 u - 2 scrolls of identify
 v - 2 scrolls of enchant armour
 x - a scroll of fog
Potions
 e - 6 potions of curing
 g - 3 potions of heal wounds
 h - a potion of haste
 i - 4 potions of magic
 j - 2 potions of brilliance
 t - 2 potions of agility
Comestibles
 f - 13 bread rations
 w - 40 fruits
 z - 12 meat rations
 B - 2 chunks of flesh


   Skills:
 + Level 9.6 Fighting
 - Level 19.4 Axes
 - Level 1.7 Throwing
 + Level 9.2 Armour
 - Level 2.4 Dodging
 - Level 10.1 Invocations


You had 10 spell levels left.
You didn't know any spells.

Dungeon Overview and Level Annotations

Branches:
Dungeon (1/1)

Altars:
Cheibriados
Dithmenos
Elyvilon
Fedhas
Gozag
Hepliaklqana
Kikubaaqudgha
Makhleb
Nemelex Xobeh
Okawaru
Qazlal
Ru
Sif Muna
Trog
Uskayaw
Vehumet
Xom
Yredelemnul
Zin
The Shining One
Beogh
Jiyva
Lugonu

Shops:
D :


Innate Abilities, Weirdness & Mutations

You are resistant to torment.
Your stone body is resilient. (AC +7)
You are immune to poison.
You resist negative energy. (rN+)
You are resistant to electric shocks. (rElec)
You can survive without breathing.
You are immune to petrification.
You are immune to rotting.


Message History

Beogh smites you!
* * * LOW HITPOINT WARNING * * *
Unknown command.
Unknown command.
You can feel time thicken for a moment.
You kill the orc high priest!
Cheibriados thoroughly appreciates the change of pace.
Your Fighting skill increases to level 8!
Your Armour skill increases to level 7!
You kill the orc high priest!
Cheibriados appreciates the change of pace.
Your Armour skill increases to level 8!
You kill the orc high priest!
Cheibriados thoroughly appreciates the change of pace.
Your Fighting skill increases to level 9!
Your Armour skill increases to level 9!
You feel somewhat more hungry.
The orc knight hits you with a great sword!!!
Ouch! That really hurt!
You die...

...†.†..[..)|..'____.____________
▓▓▓▓▓▓▓▓▓▓▓▓▓▓▓▓▓▓▓▓▓▓▓▓▓▓▓▓▓▓▓▓▓
.................................
▓▓▓▓▓▓▓▓▓▓▓▓▓▓▓▓▓▓▓▓▓▓▓▓▓▓▓▓▓▓▓▓▓
..'...[...†.†..'......†..†.......
▓▓▓▓▓▓▓▓▓▓▓▓▓▓▓▓▓▓▓▓▓▓▓▓▓▓▓▓▓▓▓▓▓
.................................
▓▓▓▓▓▓▓▓▓▓▓▓▓▓▓▓▓▓▓▓▓▓▓▓▓▓▓▓▓▓▓▓▓
)∩ooo)o@....))..)))))...
▓▓▓▓▓▓▓▓▓▓▓▓▓▓▓▓▓▓▓▓▓▓▓▓


You could see 4 orc knights.

Vanquished Creatures
  3 orc high priests (D)
  An orc knight (D)
  An elephant (D)
  A black mamba (D)
  A torpor snail (D)
  6 spiny frogs (D)
  2 blink frogs (D)
  A yak (D)
  5 vampire mosquitoes (D)
  2 water moccasins (D)
  A soldier ant (D)
  9 orc warriors (D)
  2 porcupines (D)
  An ogre (D)
  A centaur (D)
  A crocodile (D)
  8 bullfrogs (D)
  A killer bee (D)
  A crimson imp (D)
  7 orc priests (D)
  3 orc wizards (D)
  An iguana (D)
  A worker ant (D)
  An adder (D)
  A leopard gecko (D)
  5 orcs (D)
  2 bats (D)
  A hobgoblin (D)
  A jackal (D)
  A quokka (D)
  A ball python skeleton (D)
  A goblin (D)
  A leopard gecko skeleton (D)
  A rat (D)
76 creatures vanquished.

Notes
Turn   | Place    | Note
-------+----------+-------------------------------------------
     0 | D        | Groucho the Gargoyle Gladiator began the quest for the Orb.
     0 | D        | Reached XP level 1. HP: 12/12 MP: 1/1
     4 | D        | Reached skill level 3 in Axes
    27 | D        | Reached skill level 4 in Axes
   318 | D        | Noticed an ogre
   318 | D        | Noticed a crimson imp
   332 | D        | Reached XP level 2. HP: 14/17 MP: 2/2
   334 | D        | Killed a crimson imp
   334 | D        | Reached skill level 6 in Axes
   334 | D        | Reached XP level 3. HP: 18/21 MP: 3/3
   344 | D        | Killed an ogre
   344 | D        | Reached skill level 9 in Axes
   344 | D        | Reached XP level 4. HP: 10/26 MP: 4/4
   344 | D        | Reached XP level 5. HP: 12/30 MP: 5/5
   655 | D        | Found a roughly hewn altar of Beogh.
   655 | D        | Found a snail-covered altar of Cheibriados.
   655 | D        | Found a shadowy altar of Dithmenos.
   655 | D        | Found a white marble altar of Elyvilon.
   655 | D        | Found a blossoming altar of Fedhas.
   655 | D        | Found an opulent altar of Gozag.
   656 | D        | Found a hazy altar of Hepliaklqana.
   657 | D        | Found a viscous altar of Jiyva.
   658 | D        | Found an ancient bone altar of Kikubaaqudgha.
   659 | D        | Became a worshipper of Cheibriados the Contemplative
   660 | D        | Found a corrupted altar of Lugonu.
   661 | D        | Found a burning altar of Makhleb.
   662 | D        | Found a sparkling altar of Nemelex Xobeh.
   663 | D        | Found an iron altar of Okawaru.
   664 | D        | Found a stormy altar of Qazlal.
   665 | D        | Found a sacrificial altar of Ru.
   666 | D        | Found a deep blue altar of Sif Muna.
   667 | D        | Found a bloodstained altar of Trog.
   668 | D        | Found a hide-covered altar of Uskayaw.
   669 | D        | Found a radiant altar of Vehumet.
   671 | D        | Found a shimmering altar of Xom.
   672 | D        | Found a basalt altar of Yredelemnul.
   673 | D        | Found a glowing silver altar of Zin.
   674 | D        | Found a glowing golden altar of the Shining One.
   741 | D        | Reached * piety under Cheibriados
   741 | D        | Reached skill level 10 in Axes
   750 | D        | Reached ** piety under Cheibriados
   750 | D        | Reached skill level 5 in Invocations
   750 | D        | Reached XP level 6. HP: 31/35 MP: 7/9
   757 | D        | Noticed a vampire mosquito
   757 | D        | Noticed a soldier ant
   762 | D        | Killed a soldier ant
   762 | D        | Reached skill level 11 in Axes
   765 | D        | Reached *** piety under Cheibriados
   768 | D        | Reached XP level 7. HP: 38/40 MP: 10/13
   771 | D        | Killed a vampire mosquito
   771 | D        | Reached skill level 12 in Axes
   774 | D        | Reached **** piety under Cheibriados
   775 | D        | Reached skill level 10 in Invocations
   902 | D        | Noticed a blink frog
   902 | D        | Noticed a spiny frog
   902 | D        | Noticed a yak
   905 | D        | Killed a yak
   905 | D        | Reached ***** piety under Cheibriados
   905 | D        | Reached XP level 8. HP: 38/44 MP: 15/15
   908 | D        | Reached skill level 13 in Axes
   913 | D        | Killed a blink frog
   913 | D        | Reached ****** piety under Cheibriados
   913 | D        | Reached skill level 14 in Axes
   914 | D        | Killed a spiny frog
   914 | D        | Reached skill level 15 in Axes
   914 | D        | Reached XP level 9. HP: 21/48 MP: 10/16
  1267 | D        | Noticed a spiny frog
  1274 | D        | Killed a spiny frog
  1543 | D        | Noticed a torpor snail
  1543 | D        | Noticed an elephant
  1543 | D        | Noticed a spiny frog
  1544 | D        | Killed a spiny frog
  1544 | D        | Reached skill level 16 in Axes
  1546 | D        | Noticed a black mamba
  1547 | D        | Killed a black mamba
  1547 | D        | Reached skill level 17 in Axes
  1549 | D        | Killed an elephant
  1549 | D        | Reached XP level 10. HP: 51/53 MP: 7/17
  1551 | D        | Killed a torpor snail
  1551 | D        | Reached skill level 18 in Axes
  1705 | D        | Noticed a spiny frog
  1705 | D        | Noticed a spiny frog
  1705 | D        | Noticed a spiny frog
  1707 | D        | Killed a spiny frog
  1710 | D        | Killed a spiny frog
  1710 | D        | Reached skill level 19 in Axes
  1711 | D        | Killed a spiny frog
  1978 | D        | Reached skill level 1 in Armour
  2263 | D        | Reached skill level 5 in Fighting
  2264 | D        | Noticed an orc knight
  2267 | D        | Reached skill level 5 in Armour
  2270 | D        | Killed an orc knight
  2270 | D        | Reached XP level 11. HP: 27/66 MP: 4/18
  2311 | D        | Found Recuink's Book Boutique.
  2311 | D        | Noticed an orc high priest
  2311 | D        | Noticed an orc knight
  2311 | D        | Noticed an orc knight
  2311 | D        | Noticed an orc high priest
  2311 | D        | Noticed an orc knight
  2312 | D        | Noticed an orc knight
  2313 | D        | Noticed an orc high priest
  2315 | D        | Killed an orc high priest
  2315 | D        | Killed an orc high priest
  2315 | D        | Killed an orc high priest
  2315 | D        | Demolished by an orc knight

Skill      XL: |  1  2  3  4  5  6  7  8  9 10 11 |
---------------+----------------------------------+-----
Axes           | 4 6 9 10 11 12 15 17 19 | 19.4
Invocations    | 5 8 10 | 10.1
Armour         | 6 9 |  9.2
Fighting       | 6 9 |  9.6
Throwing       | |  1.7
Dodging        | |  2.4

Action                   |  1- 3 |  4- 6 |  7- 9 | 10-12 || total
-------------------------+-------+-------+-------+-------++-------
Melee: War axe           |    52 |       |       |       ||    52
       Broad axe         |       |    29 |    25 |    19 ||    73
Invok: Slouch            |       |       |     3 |    11 ||    14
  Use: Potion            |     1 |     1 |     1 |       ||     3
       Scroll            |       |       |     2 |       ||     2
 Stab: Invisible         |       |     9 |     3 |       ||    12
  Eat: Chunk             |       |       |       |     3 ||     3
Armor: Leather armour    |    28 |       |       |       ||    28
       Chain mail        |       |     6 |    10 |     4 ||    20
Dodge: Dodged            |    33 |    21 |    16 |    19 ||    89
